 Dungeon Crawl Stone Soup version 0.31-a0-232-gb1c03b2570 (webtiles) character file.

Game seed: 8989832516295497117

1233911 Olga the Worldbinder (level 22, 114/114 HPs)
             Began as a Felid Summoner on July 7, 2023.
             Was an Initiate of Gozag.
             Escaped with the Orb
             ... and 3 runes!
             The game lasted 05:31:12 (103299 turns).

Olga the Worldbinder (Felid Summoner)             Turns: 103299, Time: 05:31:12

Health: 114/114    AC: 17    Str:  4    XL:     22   Next: 49%
Magic:  46/46      EV: 42    Int: 24    God:    Gozag
Gold:   1472       SH:  0    Dex: 20    Spells: 1/59 levels left
                                        Lives:  2   Deaths: 4

rFire   + .          .
                       - Unarmed
rCold   . . .        (shield unavailable)
rNeg    . . .        (body armour unavailable)
rPois   inf          (helmet unavailable)
rElec   +            (cloak unavailable)
rCorr   .            (gloves unavailable)
SInv    +            (boots unavailable)
Will    ++++.        g - amulet of regeneration
Stlth   +            z - ring of wizardry
HPRegen 1.19/turn    Y - ring of Ebeuqucs {rF+ Will+}
MPRegen 0.30/turn

%: clarity, wizardry (x1)
@: storm-form, flying
A: cleaving, insubstantial, flying, very small, (claws 1), (fangs 3), see
invisible, (speed 1), (shaggy fur 3), (stealthy paws), no weapons or thrown
items, no armour, multi-lived, clarity
0: Orb of Zot
}: 3/15 runes: serpentine, barnacled, slimy
a: Blinkbolt, End Transformation, Renounce Religion, Potion Petition, Call
Merchant, Bribe Branch


You escaped.
You worshipped Gozag.
Gozag was most pleased with you.
You were a lightning-filled tempest!
You visited 11 branches of the dungeon, and saw 52 of its levels.

You collected 27165 gold pieces.
You spent 4172 gold pieces at shops.
You paid 21521 gold pieces to Gozag.

Inventory:

Jewellery
 e - a ring of flight
 f - a +6 ring of dexterity
 g - an amulet of regeneration (around neck)
 j - a ring of positive energy
 n - a +6 ring of strength
 v - a ring of protection from fire
 y - a +4 ring of protection
 z - a ring of wizardry (left paw)
 D - a +5 ring of evasion
 M - a +4 ring of protection
 N - the ring of Isurpham {Fly rPois Str+2 Dex-4 SInv}
   (You took it off a spriggan air mage on level 2 of the Depths)

   [ring of see invisible]

   Str:       It affects your strength (+2).
   Dex:       It affects your dexterity (-4).
   rPois:     It protects you from poison.
   SInv:      It lets you see invisible.
   Fly:       It grants you flight.
 P - a +6 ring of intelligence
 Q - a +4 ring of slaying
 R - a ring of magical power
 U - a ring of resist corrosion
 W - a ring of willpower
 X - a ring of positive energy
 Y - the ring of Ebeuqucs (right paw) {rF+ Will+}
   (You took it off a deep elf demonologist on level 3 of the Elven Halls)

   [ring of protection from fire]

   rF:        It protects you from fire.
   Will:      It increases your willpower.
Wands
 h - a wand of polymorph (46)
 k - a wand of flame (111)
 r - a wand of mindburst (25)
 t - a wand of paralysis (82)
 G - a wand of quicksilver (19)
 H - a wand of iceblast (34)
 L - a wand of digging (23)
Scrolls
 i - a scroll of blinking
 m - a scroll of revelation
 q - 11 scrolls of vulnerability
 s - 9 scrolls of poison
 A - 2 scrolls of silence
 B - 6 scrolls of immolation
 C - 5 scrolls of butterflies
 E - 13 scrolls of teleportation
 F - 8 scrolls of fog
 O - 3 scrolls of fear
 Z - 2 scrolls of torment
Potions
 a - 3 potions of magic
 b - 9 potions of brilliance
 c - 5 potions of attraction
 d - 8 potions of might
 l - 13 potions of curing
 o - 4 potions of lignification
 p - 4 potions of haste
 u - 10 potions of mutation
 w - 5 potions of ambrosia
 x - 5 potions of enlightenment
 I - 9 potions of cancellation
 J - 2 potions of resistance
 S - 2 potions of invisibility
 T - 5 potions of berserk rage
 V - a potion of heal wounds
Miscellaneous
 K - a box of beasts


   Skills:
 - Level 20.3 Fighting
 - Level 20.5 Dodging
 - Level 2.6 Stealth
 - Level 9.7 Unarmed Combat
 - Level 19.4 Spellcasting
 - Level 5.0 Conjurations
 - Level 7.3 Hexes
 + Level 23.1 Summonings
 - Level 6.9 Necromancy
 - Level 11.3 Translocations
 - Level 12.4 Transmutations
 - Level 12.5 Air Magic
 - Level 5.0 Earth Magic
 - Level 10.3 Evocations


You had one spell level left.
You knew the following spells:

 Your Spells              Type           Power      Damage    Failure   Level
a - Manifold Assault      Tloc           67%        N/A       1%          4
b - Blink                 Tloc           100%       N/A       1%          2
f - Summon Forest         Summ/Tloc      41%        N/A       1%          5
g - Summon Guardian Gole  Hex/Summ       77%        N/A       0%          3
D - Dragon's Call         Summ           47%        N/A       6%          9
G - Summon Cactus Giant   Summ           47%        N/A       0%          6
H - Summon Horrible Thin  Summ           47%        N/A       1%          8
M - Malign Gateway        Summ/Tloc      41%        N/A       1%          7
S - Storm Form            Tmut/Air       35%        N/A       4%          7
T - Haunt                 Necr/Summ      38%        N/A       1%          7

Your spell library contained the following spells:

 Spells                   Type           Power      Damage    Failure   Level
 Apportation              Tloc           100%       N/A       0%          1
 Summon Small Mammal      Summ           100%       N/A       0%          1
 Foxfire                  Conj/Fire      100%       2x1d9     1%          1
 Freeze                   Ice            92%        1d9       1%          1
 Magic Dart               Conj           100%       1d8       1%          1
 Sandblast                Erth           94%        2d19      1%          1
 Slow                     Hex            100%       N/A       1%          1
 Call Imp                 Summ           100%       N/A       0%          2
 Wereblood                Tmut           70%        N/A       0%          2
 Call Canine Familiar     Summ           94%        N/A       0%          3
 Summon Lightning Spire   Summ/Air       83%        N/A       0%          4
 Cigotuvi's Dreadful Rot  Necr/Pois/Air  100%       N/A       1%          2
 Lesser Beckoning         Tloc           100%       N/A       1%          2
 Passwall                 Tmut/Erth      50%        N/A       1%          2
 Poisonous Vapours        Pois/Air       100%       N/A       1%          2
 Scorch                   Fire           46%        2d6       1%          2
 Searing Ray              Conj           94%        2d7       1%          2
 Static Discharge         Conj/Air       100%       2-7/arc   1%          2
 Sublimation of Blood     Necr           54%        N/A       1%          2
 Confusing Touch          Hex            56%        N/A       1%          3
 Gell's Gravitas          Tloc           67%        N/A       1%          3
 Hailstorm                Conj/Ice       35%        3d9       1%          3
 Ignite Poison            Fire/Tmut/Pois 43%        N/A       1%          3
 Stone Arrow              Conj/Erth      94%        3d12      1%          3
 Swiftness                Air            70%        N/A       1%          3
 Teleport Other           Tloc           67%        N/A       1%          3
 Vampiric Draining        Necr           54%        2d9       1%          3
 Airstrike                Air            35%        2d(5-21)  1%          4
 Anguish                  Hex/Necr       27%        N/A       1%          4
 Cause Fear               Hex            28%        N/A       1%          4
 Fulminant Prism          Conj/Hex       26%        3d14      1%          4
 Ice Form                 Ice/Tmut       52%        N/A       1%          4
 Petrify                  Tmut/Erth      60%        N/A       1%          4
 Summon Ice Beast         Ice/Summ       68%        N/A       1%          4
 Blade Hands              Tmut           35%        N/A       1%          5
 Borgnjor's Vile Clutch   Necr/Erth      25%        N/A       1%          5
 Irradiate                Conj/Tmut      30%        3d21      1%          5
 Summon Mana Viper        Hex/Summ       77%        N/A       1%          5
 Yara's Violent Unravell  Hex/Tmut       31%        3d13      1%          5
 Monstrous Menagerie      Summ           47%        N/A       1%          7
 Summon Hydra             Summ           47%        N/A       1%          7
 Frozen Ramparts          Ice            46%        1d7       2%          3
 Ozocubu's Armour         Ice            23%        N/A       2%          3
 Flame Wave               Conj/Fire      35%        2d10      2%          4
 Iskenderun's Battlesphe  Conj           47%        2d10      2%          5
 Spellforged Servitor     Conj/Summ      37%        N/A       2%          7
 Conjure Ball Lightning   Conj/Air       30%        3x3d10    3%          6
 Statue Form              Tmut/Erth      40%        N/A       3%          6
 Metabolic Englaciation   Hex/Ice        20%        N/A       4%          5
 Dragon Form              Tmut           35%        N/A       4%          7
 Death Channel            Necr           27%        N/A       8%          6
 Olgreb's Toxic Radiance  Pois           23%        N/A       9%          4
 Fireball                 Conj/Fire      17%        3d9       9%          5
 Eringya's Noxious Bog    Tmut/Pois      26%        4d6       10%         6
 Plasma Beam              Fire/Air       26%        2x1d38    10%         6
 Enfeeble                 Hex            28%        N/A       32%         7
 Starburst                Conj/Fire      17%        6d6       38%         6
 Orb of Destruction       Conj           23%        9d8       61%         7
 Necromutation            Tmut/Necr      31%        N/A       65%         8
 Discord                  Hex            28%        N/A       92%         8
 Borgnjor's Revivificati  Necr           27%        N/A       95%         8
 Infestation              Necr           27%        N/A       95%         8
 Lehudib's Crystal Spear  Conj/Erth      23%        10d7      99%         8
 Ignition                 Fire           11%        3d5       100%        8
 Death's Door             Necr           27%        N/A       100%        9
 Animate Armour           Summ/Erth      Unusable   N/A       N/A         4
 Animate Dead             Necr           Unusable   N/A       N/A         4
 Simulacrum               Ice/Necr       Unusable   N/A       N/A         6

Dungeon Overview and Level Annotations

Branches:
Dungeon (15/15)            Temple (1/1) D:7            Lair (5/5) D:8
 Shoals (4/4) Lair:3        Snake (4/4) Lair:3        Slime (5/5) Lair:4
    Orc (2/2) D:10            Elf (3/3) Orc:2        Vaults (4/5) D:13
  Crypt (0/3) Vaults:3     Depths (4/4) D:15            Zot (5/5) Depths:4

Altars:
Ashenzari
Cheibriados
Dithmenos
Elyvilon
Fedhas
Gozag
Hepliaklqana
Kikubaaqudgha
Makhleb
Nemelex Xobeh
Okawaru
Qazlal
Ru
Sif Muna
Trog
Uskayaw
Vehumet
Wu Jian
Xom
Yredelemnul
Zin
The Shining One
Jiyva

Shops:
D:1 =   D:10 *   D:13 ?   Orc:2 [(:[   Lair:1 ?:=:   Lair:3 :   Shoals:1 (
Snake:1 :=:   Snake:2 !!?[:   Vaults:2 (   Zot:3 *

Portals:
Hell: Depths:1 Depths:2 Depths:3 Depths:4
Abyss: Depths:3 Depths:4
Pandemonium: Depths:1 Depths:2 Depths:4
Ziggurat: Depths:3

Annotations:
D:2 1 runed translucent door, Crazy Yiuf
D:9 1 transporter
D:12 3 runed translucent doors, Scrael's ghost, journeyman MiFi
Lair:2 2 transporters, MrAu's ghost, journeyman DgFi
Snake:4 2 transporters, fly's ghost, adept DgDe
Elf:2 3 runed translucent doors, exclusion: 3 doors
Depths:3 3 runed translucent doors, exclusion: 3 doors
Zot:1 Boris


Innate Abilities, Weirdness & Mutations

You are a lightning-filled tempest!
Your electrical attacks strike out in all directions at once.
You are incredibly evasive.
Your insubstantial body is immune to petrification, constriction, and being set on fire You are flying.
You are immune to poison.
((You have sharp claws.))
((You have razor-sharp teeth.))
You have supernaturally acute eyesight. (SInv)
((You cover ground quickly. (Speed+)))
((Your thick and shaggy fur keeps you warm. (AC +3, rC+)))
((Your paws help you pounce on unaware monsters.))
You are incapable of wielding weapons or throwing items.
You cannot wear armour.
You gain extra lives every three experience levels.
You possess an exceptional clarity of mind.


Message History

The blizzard demon hits your large abomination! x2
Unknown command.
Your large abomination hits the blizzard demon!!
The blizzard demon waves its arms in wide circles.
The air twists around and strikes your large abomination.
The demonspawn blood saint hits your tentacled monstrosity with a +0 dagger!
Your tentacled monstrosity is engulfed in flames!
Your tentacled monstrosity resists.
A ynoxinul comes into view.
The ynoxinul gestures at you.
The entropic shot hits your large abomination.
The hobgoblin shouts!
Something hits your large abomination but does no damage.
Your large abomination hits the blizzard demon!
Your tentacled monstrosity tentacle-slaps the blizzard demon!
Your tentacled monstrosity tentacle-slaps the blizzard demon. x2
Your tentacled monstrosity closely misses the blizzard demon.
The blizzard demon hits your tentacled monstrosity!
The blizzard demon hits your tentacled monstrosity but does no damage.
Something hits your tentacled monstrosity!
Your tentacled monstrosity is engulfed in flames!
Your tentacled monstrosity resists.
Your large abomination closely misses the blizzard demon.
Your tentacled monstrosity tentacle-slaps the blizzard demon. x2
The blizzard demon dies!
Something hits your tentacled monstrosity!
Your tentacled monstrosity is engulfed in flames!
Your tentacled monstrosity resists.
The hobgoblin barely misses you.
Something hits your tentacled monstrosity!
The hobgoblin completely misses you.
The hobgoblin is distracted by your dazzling golden aura.
The hobgoblin is no longer distracted by gold.
A smoke demon comes into view.
Your large abomination hits the plant!!
The plant begins to die.
Your extra speed is starting to run out.
You feel yourself slow down.
There is a staircase leading out of the dungeon here.
The hobgoblin completely misses you.
You have escaped!

#..............##..............#
#..............##...........####
#.X............##...........####
#..............##...............
##.##############............##.
#.# #............##. #.#
##################. ###X###
#...# #. ....P.## #.v.# #######.
7.7....##### #.g.### #.......
.7777.P....# #.....# #.......
7.7........# #3..>.# #.......
..P....g...# #.....# #.......
...3.....#.####...### #.......
..#.######........# #.......
P##.# ####.....# #....... P...#
#.....# #.......


You could see a smoke demon and a hobgoblin.

Vanquished Creatures
  A caustic shrike (Depths:2)
  An electric golem (Zot:3)
  2 tentacled monstrosities (Zot:3)
  An Orb Guardian (Depths:2)
  A titan (Depths:2)
  2 deep elf master archers (Elf:3)
  An Executioner (Depths:3)
  An acid blob (Slime:5)
  A sphinx (Vaults:2)
  3 death cobs
  2 frost giants
  4 deep elf sorcerers (Elf:3)
  3 vault wardens
  A deep elf elementalist (Elf:3)
  3 stone giants
  A draconian annihilator (Zot:2)
  5 ironbound preservers
  A spriggan defender (Depths:2)
  A quicksilver ooze (Slime:5)
  2 formless jellyfish
  3 ironbound thunderhulks
  4 deep elf demonologists
  A dire elephant (Vaults:1)
  A green draconian (Zot:2)
  4 deep elf annihilators (Elf:3)
  A spark wasp (Depths:3)
  4 deep elf death magi (Elf:3)
  2 ettins (Depths:1)
  2 merfolk javelineers (Shoals:4)
  4 yaktaur captains
  A fire dragon (Depths:1)
  3 deep elf high priests (Elf:3)
  2 great orbs of eyes
  A rakshasa (Depths:2)
  2 vault guards (Vaults:2)
  An ice dragon (Depths:4)
  2 merfolk aquamancers (Shoals:4)
  3 centaur warriors (Vaults:2)
  A merfolk avatar (Lair:5)
  A spriggan air mage (Depths:2)
  An ironbound frostheart (Vaults:2)
  2 anacondas (Snake:4)
  A boulder beetle (shapeshifter) (Elf:3)
  A boulder beetle (Vaults:1)
  2 deep troll shamans (Depths:2)
  2 dancing weapons
  An orc high priest (Orc:2)
  2 naga warriors (Snake:4)
  A vampire mage (Depths:1)
  2 deep elf knights
  A shock serpent (Snake:4)
  A skyshark (Lair:4)
  3 iron trolls (Depths:1)
  A glowing orange brain (Depths:3)
  3 sea snakes
  17 deep trolls
  5 deep elf archers
  3 harpies
  3 wizards
  3 ironbound convokers
  11 deep elf pyromancers
  4 nameless horrors
  3 mana vipers (Snake:4)
  11 deep elf zephyrmancers
  An orc sorcerer (Elf:1)
  8 fauns
  2 manticores
  3 cyclopes
  6 moths of wrath
  A salamander (Lair:3)
  An ugly thing (Vaults:4)
  6 elephants
  5 black mambas
  3 guardian serpents (Snake:4)
  An eye of devastation (Slime:5)
  5 water nymphs
  A merfolk siren (Shoals:1)
  6 vault sentinels
  2 cane toads
  An orange demon (D:2)
  A rime drake (Lair:3)
  3 komodo dragons (Lair:5)
  13 yaktaurs
  An efreet (D:13)
  2 meliai (Depths:2)
  4 wind drakes
  10 merfolk
  A blink frog (Lair:3)
  5 dream sheep
  A snapping turtle (Shoals:3)
  24 slime creatures
  3 air elementals (Shoals:4)
  A wyvern (Lair:4)
  7 water elementals
  5 fire elementals
  A golden eye (Slime:3)
  2 yaks
  Grum (Lair:1)
  A chaos spawn (D:14)
  2 vampire mosquitoes (D:13)
  3 wargs (Orc:2)
  4 nagas
  An acid dragon (D:12)
  A hell hound (Lair:4)
  A boggart (Elf:1)
  2 wolves (Lair:1)
  A howler monkey (D:8)
  6 electric eels
  3 lava snakes (Lair:3)
  3 orc priests (Orc:2)
  2 orcs
331 creatures vanquished.

Vanquished Creatures (collateral kills)
  the Royal Jelly (Slime:5)
  A dread lich (Zot:4)
  Mara (Elf:3)
  A juggernaut (Depths:2)
  Boris (Depths:4)
  Josephina (Depths:4)
  Frederick (Depths:4)
  2 Killer Klowns (Zot:4)
  Vashnia (Snake:4)
  5 golden dragons
  the Enchantress (Depths:2)
  An electric golem (Zot:5)
  17 tentacled monstrosities
  A lich (Depths:3)
  2 titans (Depths:2)
  2 deep elf blademasters (Elf:3)
  2 Orb Guardians
  Asterion (Elf:3)
  20 acid blobs
  2 quicksilver dragons
  4 death cobs
  A kraken (Shoals:3)
  3 eldritch tentacles
  9 shadow dragons
  5 sphinxes
  Kirke (Shoals:1)
  4 tengu reavers
  7 storm dragons
  A draconian monk (Zot:1)
  6 nagarajas (Snake:4)
  7 rockslimes
  Ilsuiw (Shoals:2)
  8 azure jellies
  14 frost giants
  6 vault wardens
  2 iron dragons
  2 draconian knights
  Aizul (Snake:3)
  3 draconian scorchers
  2 deep elf sorcerers
  11 fire giants
  8 ironbound preservers
  6 draconian shifters
  18 very ugly things
  4 spriggan defenders (Depths:2)
  4 draconian annihilators
  4 draconian stormcallers
  An orc warlord (Orc:2)
  2 formless jellyfish
  7 quicksilver oozes
  7 ironbound thunderhulks
  A reaper (Depths:1)
  12 stone giants
  5 green draconians
  3 deep elf demonologists (Elf:3)
  A black draconian (Zot:2)
  Azrael (D:13)
  2 vampire knights
  2 deep elf annihilators (Elf:3)
  6 purple draconians
  7 yellow draconians
  5 spark wasps
  5 white draconians
  A dire elephant (shapeshifter) (Depths:1)
  15 red draconians
  5 merfolk javelineers
  9 dire elephants
  3 deep elf death magi (Elf:3)
  16 merfolk impalers
  2 crystal guardians (Vaults:4)
  8 ettins
  A fire dragon (shapeshifter) (Depths:2)
  8 fire dragons
  A blizzard demon (D:1)
  7 yaktaur captains
  A deep elf high priest (Elf:3)
  A great orb of eyes (Vaults:2)
  An entropy weaver (Vaults:3)
  4 vault guards
  3 rakshasas
  6 hydras
  A juggernaut simulacrum (Depths:4)
  A salamander tyrant (Snake:4)
  9 spriggan air magi
  9 ice dragons
  An ogre mage (D:13)
  16 anacondas
  4 merfolk avatars
  An alligator snapping turtle (Shoals:3)
  A peacekeeper (Vaults:4)
  3 catoblepae (Lair:4)
  2 merfolk aquamancers (Shoals:4)
  8 two-headed ogres
  14 dancing weapons
  10 death yaks
  6 deep troll shamans
  3 boulder beetles
  7 tengu warriors
  8 centaur warriors
  Urug (D:13)
  4 orc high priests
  6 spriggan berserkers
  4 shock serpents
  7 deep troll earth magi
  13 naga warriors
  A hell knight (Depths:2)
  10 naga sharpshooters
  Nergalle (D:10)
  A sun demon (Depths:4)
  A sixfirhy (Zot:4)
  3 salamander mystics
  6 iron trolls
  18 deep elf knights
  6 skeletal warriors
  2 flayed ghosts
  36 deep trolls
  3 skysharks
  5 deep elf archers
  A glowing orange brain (Depths:1)
  A golden dragon skeleton (D:15)
  An orange crystal statue (Elf:3)
  16 sea snakes
  7 naga ritualists
  7 harpies
  5 lindwurms
  8 wizards
  9 ironbound convokers
  9 deep elf zephyrmancers
  6 shining eyes
  8 orc knights
  2 necromancers
  13 nameless horrors
  9 mana vipers
  4 orc sorcerers
  5 manticores
  16 deep elf pyromancers
  44 ugly things
  14 salamanders
  A stone giant zombie (D:15)
  9 fauns
  A frost giant skeleton (D:15)
  2 cyclopes
  A guardian serpent (shapeshifter) (D:15)
  8 guardian serpents
  6 moths of wrath
  A rust devil (Depths:4)
  6 water nymphs
  13 elephants
  6 merfolk sirens
  2 eyes of devastation
  20 naga magi
  Joseph (D:8)
  14 cane toads
  2 torpor snails
  8 vault sentinels
  38 black mambas
  A gargoyle (D:10)
  4 centaur skeletons (D:13)
  A rime drake (Lair:1)
  2 efreet
  7 komodo dragons
  A komodo dragon (shapeshifter) (Depths:4)
  20 yaktaurs
  5 tengu conjurers
  2 red devils (Depths:4)
  A tormentor (Depths:4)
  10 trolls
  28 merfolk
  A hellwing (Depths:1)
  6 meliai (Depths:2)
  4 polar bears
  5 wind drakes
  6 hornets
  A shadow dragon simulacrum (Depths:4)
  2 blink frogs (Lair:3)
  2 tengu simulacra
  An ettin zombie (Vaults:3)
  8 dream sheep
  8 snapping turtles
  36 slime creatures
  2 vampires
  5 air elementals (Shoals:4)
  4 spriggans
  2 shadows
  7 wyverns
  13 water elementals
  2 wraiths
  50 yaks
  5 hogs (Shoals:1)
  3 golden eyes (Slime:3)
  5 basilisks
  A yak (shapeshifter) (Elf:2)
  3 chaos spawn
  6 vampire mosquitoes
  22 fire elementals
  A warg (shapeshifter) (Depths:3)
  43 nagas
  An acid dragon (shapeshifter) (Elf:1)
  6 wargs
  2 acid dragons
  A human simulacrum (Vaults:3)
  3 hell hounds
  11 water moccasins
  5 floating eyes
  6 ice beasts
  A human skeleton (D:15)
  A meliai simulacrum (D:14)
  7 black bears
  A deep troll simulacrum (Vaults:3)
  49 orc warriors
  15 ogres
  4 boggarts
  15 wolves
  11 centaurs
  2 phantoms
  A kobold brigand (D:10)
  5 scorpions
  15 bullfrogs
  An earth elemental (Elf:2)
  2 two-headed ogre simulacra (D:12)
  4 wights (D:9)
  Dowan (D:5)
  5 killer bees (D:9)
  7 howler monkeys
  4 electric eels
  A crimson imp (D:7)
  A jelly (D:5)
  23 orc priests
  2 gnoll boudas
  3 hounds
  2 sleepcaps
  2 iguanas
  Terence (D:2)
  34 orc wizards
  2 spriggan simulacra
  3 troll simulacra (D:12)
  Robin (D:2)
  6 adders
  13 gnolls
  2 naga simulacra (D:12)
  3 white imps
  A dart slug (D:3)
  103 orcs
  5 bats
  12 endoplasms
  5 giant cockroaches
  8 hobgoblins
  9 kobolds
  5 quokkas
  5 ball pythons
  4 frilled lizards
  16 goblins
  7 rats
  A snaplasher vine (Elf:3)
  A tentacle (Shoals:3)
1724 creatures vanquished.

Vanquished Creatures (others)
  An orb of fire (Zot:5)
  7 Orb Guardians
  A death cob (Zot:4)
  37 eldritch tentacles
  A storm dragon (Zot:5)
  A deep elf elementalist (Elf:3)
  A deep elf annihilator (Elf:3)
  A white draconian (Zot:4)
  A vault guard (Vaults:1)
  A spriggan air mage (Depths:4)
  3 death yaks
  A deep elf knight (Elf:3)
  A skyshark (Lair:4)
  A lindwurm (Vaults:3)
  A faun (shapeshifter) (Elf:2)
  2 orc sorcerers (Orc:2)
  5 elephants
  2 slime creatures
  A naga mage (Snake:1)
  An eye of devastation (Slime:5)
  A black mamba (Lair:1)
  A cane toad (Lair:1)
  2 rime drakes
  3 komodo dragons
  A polar bear (D:8)
  A dream sheep (Lair:5)
  A spriggan (Depths:3)
  4 yaks
  A naga (Snake:3)
  Duvessa (D:5)
  A water moccasin (Lair:1)
  3 orc warriors (Orc:2)
  An ogre (D:6)
  4 wolves (Lair:1)
  2 centaurs (Lair:3)
  2 bullfrogs (Lair:1)
  An orc priest (D:4)
  An orc wizard (D:6)
  An orc (Orc:2)
  72 snaplasher vines
  8 tentacles (Shoals:3)
182 creatures vanquished.

Grand Total: 2237 creatures vanquished

Notes
Turn   | Place    | Note
-------+----------+-------------------------------------------
     0 | D:1      | Olga the Felid Summoner began the quest for the Orb.
     0 | D:1      | Reached XP level 1. HP: 7/7 MP: 4/4
   200 | D:1      | Found a transporter.
   596 | D:1      | Found Giluj's Jewellery Emporium.
   624 | D:1      | Found a transporter.
   692 | D:1      | Reached XP level 2. HP: 11/11 MP: 3/6
   791 | D:1      | Learned a level 2 spell: Call Imp
  1333 | D:2      | Noticed Terence
  1593 | D:2      | Reached XP level 3. HP: 14/14 MP: 2/8
  1597 | D:2      | Learned a level 3 spell: Call Canine Familiar
  1809 | D:2      | Found a runed translucent door.
  1810 | D:2      | Noticed Crazy Yiuf
  1858 | D:2      | Killed Terence
  2022 | D:2      | Noticed Robin
  2048 | D:2      | Reached XP level 4. HP: 18/18 MP: 1/9
  2058 | D:2      | Killed Robin
  2061 | D:2      | Reached skill level 5 in Summonings
  2603 | D:3      | Reached XP level 5. HP: 21/21 MP: 7/11
  3442 | D:3      | Learned a level 3 spell: Summon Guardian Golem
  3620 | D:4      | Found a broken altar of Ashenzari.
  3624 | D:4      | Saw a vision of the Shoals and the Snake Pit.
  3624 | D:4      | Noticed a shock serpent
  3624 | D:4      | Noticed a water nymph
  3624 | D:4      | Noticed a black mamba
  3624 | D:4      | Noticed a guardian serpent
  3624 | D:4      | Noticed a naga
  3624 | D:4      | Noticed a naga mage
  3624 | D:4      | Noticed a merfolk avatar
  3624 | D:4      | Noticed a snapping turtle
  3624 | D:4      | Noticed a skyshark
  3624 | D:4      | Noticed a naga mage
  3624 | D:4      | Noticed a naga ritualist
  3624 | D:4      | Noticed a merfolk
  3626 | D:4      | Noticed a naga sharpshooter
  3626 | D:4      | Noticed a salamander
  3626 | D:4      | Noticed a merfolk
  3626 | D:4      | Noticed a shock serpent
  3626 | D:4      | Noticed a skyshark
  3627 | D:4      | Noticed a naga
  3632 | D:4      | Noticed a naga mage
  3705 | D:4      | Found a shimmering blue altar of Sif Muna.
  3760 | D:4      | Reached skill level 1 in Hexes
  3875 | D:4      | Gained mutation: You are covered in thick fur. (AC +2)
                  | [Felid growth]
  3875 | D:4      | Reached XP level 6. HP: 24/24 MP: 5/13
  4106 | D:4      | Reached skill level 6 in Summonings
  4247 | D:4      | Found a hide-covered altar of Uskayaw.
  4393 | D:4      | Found an iron altar of Okawaru.
  4749 | D:5      | Entered Level 5 of the Dungeon
  4878 | D:5      | Reached XP level 7. HP: 27/27 MP: 6/15
  4944 | D:5      | Found an ancient bone altar of Kikubaaqudgha.
  5106 | D:5      | Reached skill level 5 in Spellcasting
  5211 | D:5      | Noticed Duvessa
  5211 | D:5      | Noticed Dowan
  5232 | D:5      | Killed Dowan
  5233 | D:5      | Reached skill level 5 in Hexes
  5234 | D:5      | Killed Duvessa
  5463 | D:5      | Reached skill level 7 in Summonings
  5552 | D:5      | Reached XP level 8. HP: 31/31 MP: 7/17
  5567 | D:5      | Learned a level 4 spell: Summon Lightning Spire
  5703 | D:5      | Found a hazy altar of Hepliaklqana.
  5704 | D:5      | Found a radiant altar of Vehumet.
  5735 | D:5      | Reached skill level 1 in Air Magic
  5983 | D:5      | Found a glowing golden altar of the Shining One.
  7735 | D:7      | Found a staircase to the Ecumenical Temple.
  7745 | Temple   | Entered the Ecumenical Temple
  7778 | Temple   | Became a worshipper of Gozag Ym Sagoz the Greedy
  8302 | D:7      | Found a burning altar of Makhleb.
  8314 | D:7      | Reached XP level 9. HP: 34/34 MP: 12/19
  8798 | D:8      | Reached skill level 8 in Summonings
  8920 | D:8      | Noticed a polar bear
  8921 | D:8      | Reached skill level 5 in Air Magic
  8922 | D:8      | Noticed a rime drake
  8942 | D:8      | Killed a rime drake
  8942 | D:8      | Killed a polar bear
  9116 | D:8      | Noticed Joseph
  9303 | D:8      | Found a staircase to the Lair.
  9330 | D:8      | Killed Joseph
  9924 | D:9      | Found a transporter.
  9924 | D:9      | Found a transporter.
 10033 | D:9      | Reached XP level 10. HP: 37/37 MP: 4/22
 10034 | D:9      | Reached skill level 9 in Summonings
 10361 | D:9      | Found a bloodstained altar of Trog.
 10402 | D:9      | Reached skill level 1 in Fighting
 10435 | D:9      | Reached skill level 1 in Earth Magic
 10547 | D:9      | Noticed a green ugly thing
 10565 | D:9      | Killed a green ugly thing
 10959 | D:9      | Found a stormy altar of Qazlal.
 11761 | D:9      | Reached skill level 5 in Dodging
 12039 | D:10     | Entered Level 10 of the Dungeon
 12096 | D:10     | Noticed a gargoyle
 12230 | D:10     | Noticed Nergalle
 12325 | Lair:1   | Entered Level 1 of the Lair of Beasts
 12327 | Lair:1   | Noticed Grum
 12383 | Lair:1   | Noticed a cane toad
 12516 | Lair:1   | Killed Grum
 12521 | Lair:1   | Reached XP level 11. HP: 30/45 MP: 18/24
 12532 | Lair:1   | Noticed a death yak
 12559 | Lair:1   | Noticed a death yak
 12572 | Lair:1   | Killed a death yak
 12573 | Lair:1   | Reached skill level 10 in Summonings
 12607 | Lair:1   | Noticed a death yak
 12719 | Lair:1   | Noticed a death yak
 12787 | D:8      | Killed a death yak
 12875 | Lair:1   | HP: 2/46 [death yak (22)]
 12892 | Lair:1   | Killed a death yak
 12892 | Lair:1   | Killed a death yak
 12893 | Lair:1   | Reached skill level 5 in Fighting
 13065 | Lair:1   | Learned a level 3 spell: Stone Arrow
 13368 | Lair:1   | Reached skill level 1 in Conjurations
 13861 | Lair:1   | Reached skill level 5 in Earth Magic
 14691 | Lair:2   | Gained mutation: Your thick and shaggy fur keeps you warm.
                  | (AC +3, rC+) [Felid growth]
 14691 | Lair:2   | Reached XP level 12. HP: 52/52 MP: 12/26
 14817 | Lair:2   | Found a transporter.
 14821 | Lair:2   | Noticed MrAu's ghost (journeyman DgFi)
 14856 | Lair:2   | Found a transporter.
 15432 | Lair:2   | Reached skill level 5 in Conjurations
 15991 | Lair:2   | Noticed a death yak
 16280 | Lair:1   | Bought a scroll of identify for 24 gold pieces
 16280 | Lair:1   | Bought a scroll of butterflies for 48 gold pieces
 16280 | Lair:1   | Bought a scroll of identify for 24 gold pieces
 16280 | Lair:1   | Bought a scroll of identify for 24 gold pieces
 16280 | Lair:1   | Bought a scroll of acquirement for 624 gold pieces
 16280 | Lair:1   | Bought a scroll of teleportation for 36 gold pieces
 16280 | Lair:1   | Bought a scroll of teleportation for 36 gold pieces
 16280 | Lair:1   | Bought a scroll of fog for 48 gold pieces
 16280 | Lair:1   | Bought a scroll of revelation for 90 gold pieces
 16280 | Lair:1   | Bought a scroll of poison for 48 gold pieces
 16280 | Lair:1   | Acquired Sif Muna's Quarto of the Relocated Escort
 16338 | Lair:3   | Noticed a six-headed hydra
 16348 | Lair:3   | Reached skill level 10 in Spellcasting
 16350 | Lair:3   | Killed a six-headed hydra
 16648 | Lair:3   | Found a staircase to the Snake Pit.
 17134 | Lair:3   | Reached skill level 10 in Dodging
 17399 | Lair:3   | Noticed a death yak
 17403 | Lair:3   | Noticed a death yak
 17407 | Lair:3   | Noticed a death yak
 17423 | Lair:3   | Noticed a death yak
 17430 | Lair:3   | Killed a death yak
 17431 | Lair:3   | Reached skill level 11 in Summonings
 17438 | Lair:3   | Noticed a death yak
 17446 | Lair:3   | Killed a death yak
 17939 | Lair:3   | Found a staircase to the Shoals.
 18004 | Lair:3   | Reached XP level 13. HP: 58/58 MP: 16/28
 18674 | Lair:3   | Bought a book of Scorching for 480 gold pieces
 18681 | Lair:3   | Learned a level 6 spell: Summon Cactus Giant
 18690 | Lair:3   | Learned a level 8 spell: Summon Horrible Things
 18740 | Lair:4   | Reached skill level 12 in Summonings
 19109 | Lair:4   | Found a gate leading to a gauntlet.
 19283 | Lair:4   | Found a viscous altar of Jiyva.
 19283 | Lair:4   | Found a staircase to the Slime Pits.
 19945 | Lair:4   | Reached skill level 13 in Summonings
 20537 | Lair:5   | Entered Level 5 of the Lair of Beasts
 21041 | Lair:5   | Reached XP level 14. HP: 64/64 MP: 18/29
 21947 | Lair:5   | Reached skill level 14 in Summonings
 22607 | Lair:5   | Reached skill level 10 in Fighting
 23030 | Lair:5   | Learned a level 5 spell: Summon Forest
 23408 | D:10     | Reached skill level 1 in Translocations
 23511 | D:10     | Found Fiovurch's Assorted Antiques.
 23912 | D:10     | Found a staircase to the Orcish Mines.
 24124 | D:10     | Killed Nergalle
 25102 | D:11     | Acquired 549 gold pieces
 25511 | D:11     | Identified the +0 leather armour "Teepsiry" {Regen+}
 25518 | D:11     | Found a hazy altar of Hepliaklqana.
 26644 | D:12     | Found a runed translucent gate.
 26645 | D:12     | Found a runed translucent gate.
 26646 | D:12     | Found a runed translucent gate.
 26812 | D:12     | Noticed Scrael's ghost (journeyman MiFi)
 27015 | Orc:1    | Entered Level 1 of the Orcish Mines
 28074 | Orc:2    | Entered Level 2 of the Orcish Mines
 28229 | Orc:2    | Reached skill level 15 in Summonings
 29216 | Orc:2    | Found Zuanysep's Book Boutique.
 29738 | Orc:2    | Found Wagydue's Antique Armour Shop.
 30058 | Orc:2    | Reached XP level 15. HP: 69/69 MP: 13/32
 30829 | Orc:2    | Found a staircase to the Elven Halls.
 30904 | Orc:2    | Killed from afar by an orc sorcerer
 30905 | Orc:2    | Reached XP level 14. HP: -5/61 MP: 7/31
 31307 | Orc:2    | Noticed an orc warlord
 31495 | Orc:2    | Killed an orc warlord
 31999 | Orc:2    | Found Nareo's Antique Armour Shoppe.
 32247 | Orc:2    | Found Ynouloq's Antique Weapon Emporium.
 32577 | Lair:1   | Bought an Inescapable Atlas for 448 gold pieces
 32708 | D:13     | Noticed Urug
 32715 | D:13     | Killed Urug
 33142 | D:13     | Reached skill level 1 in Transmutations
 33440 | D:13     | Reached skill level 16 in Summonings
 33658 | D:13     | Found a gate to the Vaults.
 34013 | D:13     | Noticed Azrael
 34154 | D:13     | Found Voof Bodd's Magic Scroll Boutique.
 34232 | D:13     | Killed Azrael
 34319 | D:13     | Bought a scroll of blinking for 90 gold pieces
 34319 | D:13     | Bought a scroll of silence for 114 gold pieces
 34319 | D:13     | Bought a scroll of teleportation for 36 gold pieces
 34377 | D:13     | Learned a level 7 spell: Storm Form
 35466 | D:15     | Entered Level 15 of the Dungeon
 35526 | D:15     | Reached XP level 15. HP: 69/69 MP: 7/33
 35743 | D:15     | Reached skill level 5 in Transmutations
 36289 | D:15     | Found a staircase to the Depths.
 37049 | Lair:1   | Bought the Secrets of Weird Geometries for 672 gold pieces
 37176 | Snake:1  | Entered Level 1 of the Snake Pit
 37524 | Snake:1  | Reached skill level 1 in Unarmed Combat
 39110 | Snake:1  | Found Huughota's Jewellery Emporium.
 39111 | Snake:1  | Found Rearyh's Book Boutique.
 39111 | Snake:1  | Found Aran Epn's Book Boutique.
 39119 | Snake:1  | Bought a +6 ring of intelligence for 468 gold pieces
 39693 | Snake:2  | Found Quferuli's Book Emporium.
 40322 | Snake:2  | Reached XP level 16. HP: 74/74 MP: 15/34
 41074 | Snake:2  | Found Pues's Antique Armour Shop.
 41074 | Snake:2  | Found Qucunk's Distillery.
 41075 | Snake:2  | Found Fatamus's Magic Scroll Shop.
 41079 | Snake:2  | Found Xiemaot's Distillery.
 41085 | Snake:2  | Bought a potion of invisibility for 152 gold pieces
 41085 | Snake:2  | Bought a potion of brilliance for 76 gold pieces
 41085 | Snake:2  | Bought a potion of heal wounds for 95 gold pieces
 41085 | Snake:2  | Bought a potion of haste for 190 gold pieces
 41085 | Snake:2  | Bought a potion of degeneration for 19 gold pieces
 41176 | Snake:2  | Bought a potion of curing for 30 gold pieces
 41176 | Snake:2  | Bought a potion of magic for 80 gold pieces
 42227 | Snake:3  | Reached skill level 10 in Air Magic
 42743 | Snake:3  | Learned a level 4 spell: Manifold Assault
 43079 | Snake:3  | Noticed Aizul
 43097 | Snake:3  | Killed Aizul
 44595 | Snake:4  | Entered Level 4 of the Snake Pit
 44596 | Snake:4  | Found a transporter.
 44625 | Snake:4  | Identified the +1 falchion "Foanwuzom" {freeze, rElec
                  | Dex+4}
 44671 | Snake:4  | Noticed fly's ghost (adept DgDe)
 45399 | Snake:4  | Reached skill level 10 in Transmutations
 46414 | Snake:4  | Reached XP level 17. HP: 78/78 MP: 19/36
 48000 | Snake:4  | Found a transporter.
 48054 | Snake:4  | Found a bloodstained altar of Trog.
 48525 | Snake:4  | Reached skill level 5 in Translocations
 48782 | Snake:4  | Noticed Vashnia
 48810 | Snake:4  | Killed Vashnia
 48941 | Snake:4  | Got a serpentine rune of Zot
 48950 | Snake:4  | Learned a level 2 spell: Blink
 49162 | Shoals:1 | Entered Level 1 of the Shoals
 49484 | Shoals:1 | Noticed Kirke
 49531 | Shoals:1 | Killed Kirke
 50008 | Shoals:1 | Found Duzeuges's Weapon Boutique.
 50830 | Shoals:1 | Gained mutation: You are vulnerable to cold. (rC-)
                  | [mutagenic glow]
 50844 | Shoals:1 | Gained mutation: You are frail. (-10% HP) [mutagenic glow]
 50922 | Shoals:1 | Lost mutation: You are frail. (-10% HP) [potion of
                  | mutation]
 50922 | Shoals:1 | Lost mutation: You are vulnerable to cold. (rC-) [potion of
                  | mutation]
 50922 | Shoals:1 | Gained mutation: You are frail. (-10% HP) [potion of
                  | mutation]
 50922 | Shoals:1 | Gained mutation: Your body sometimes deteriorates upon
                  | taking damage. [potion of mutation]
 50923 | Shoals:1 | Lost mutation: Your body sometimes deteriorates upon taking
                  | damage. [potion of mutation]
 50923 | Shoals:1 | Lost mutation: You are frail. (-10% HP) [potion of
                  | mutation]
 50923 | Shoals:1 | Gained mutation: Your muscles are strong. (Str +4, Int/Dex
                  | -1) [potion of mutation]
 50923 | Shoals:1 | Gained mutation: You possess an exceptional clarity of
                  | mind. [potion of mutation]
 51270 | Shoals:1 | Reached skill level 5 in Unarmed Combat
 52008 | Shoals:1 | Learned a level 7 spell: Malign Gateway
 52273 | Shoals:2 | Reached skill level 15 in Dodging
 52273 | Shoals:2 | Reached skill level 17 in Summonings
 52858 | Shoals:2 | Noticed Ilsuiw
 53181 | Shoals:2 | Killed Ilsuiw
 55072 | Shoals:3 | Reached XP level 18. HP: 83/83 MP: 4/37
 56214 | Shoals:3 | Got the Incunabulum of the Mutable Winter
 56313 | Shoals:4 | Entered Level 4 of the Shoals
 56313 | Shoals:4 | Found a stormy altar of Qazlal.
 56436 | Shoals:4 | Paralysed by an air elemental for 1 turns
 56445 | Shoals:4 | Paralysed by an air elemental for 1 turns
 56499 | Shoals:4 | Paralysed by an air elemental for 1 turns
 57395 | Shoals:4 | Found a burning altar of Makhleb.
 57398 | Shoals:4 | HP: 4/84 [wind drake/the air (14)]
 57398 | Shoals:4 | Hit by a javelin thrown by a merfolk javelineer
 57399 | Shoals:4 | Reached XP level 17. HP: -20/79 MP: 30/36
 57567 | Shoals:4 | Found a stormy altar of Qazlal.
 57667 | Shoals:4 | Identified the +4 rapier of Zivofen {flame, Fly}
 57841 | Shoals:4 | Reached skill level 18 in Summonings
 58608 | Shoals:4 | Got a barnacled rune of Zot
 58672 | Shoals:4 | Paralysed by an air elemental for 1 turns
 58917 | Shoals:4 | Reached skill level 15 in Spellcasting
 59492 | Elf:1    | Entered Level 1 of the Elven Halls
 60120 | Elf:1    | Reached skill level 19 in Summonings
 60895 | Elf:1    | Noticed a Hell Sentinel
 61223 | Elf:1    | Reached XP level 18. HP: 84/84 MP: 26/38
 61742 | Elf:2    | Reached skill level 1 in Necromancy
 61876 | Elf:2    | Found a runed translucent gate.
 61876 | Elf:2    | Found a runed translucent gate.
 61886 | Elf:2    | Found a runed translucent gate.
 61924 | Elf:2    | Found an ancient bone altar of Kikubaaqudgha.
 62639 | Elf:3    | Entered Level 3 of the Elven Halls
 62694 | Elf:3    | Noticed Asterion
 62709 | Elf:3    | Noticed Mara
 63049 | Vaults:1 | Entered Level 1 of the Vaults
 63563 | Vaults:1 | Found a crumbling gateway.
 66509 | Vaults:2 | Reached XP level 19. HP: 85/88 MP: 32/39
 66517 | Vaults:2 | Learned a level 7 spell: Haunt
 66630 | Vaults:2 | Reached skill level 5 in Necromancy
 67046 | Vaults:2 | Found Naqium's Weapon Boutique.
 69105 | Vaults:3 | Found a staircase to the Crypt.
 69485 | Vaults:3 | Reached skill level 10 in Translocations
 70847 | Vaults:4 | Identified the +2 leather armour of Oneenonudu {Int+5}
 71327 | Vaults:4 | Found the +2 cloak of the Thief {*Fog Slay-2 SInv Stlth+}
 72316 | Elf:3    | Noticed Olga's illusion
 72321 | Elf:3    | Noticed Olga's illusion
 72323 | Elf:3    | Killed Mara
 72324 | Elf:3    | Reached XP level 20. HP: 94/94 MP: 5/41
 72661 | Elf:3    | Killed Asterion
 73805 | Elf:3    | Found a shimmering blue altar of Sif Muna.
 73919 | Elf:3    | Identified the +2 chain mail of Reason {*Slow rPois rC++
                  | Str-4}
 73922 | Elf:3    | Identified the ring of Ebeuqucs {rF+ Will+}
 73934 | Elf:3    | Identified the +6 broad axe of the Burning Dragonfly
                  | {freeze, rPois MP+9 Int+3}
 73935 | Elf:3    | Engulfed by a cloud of freezing vapour
 73936 | Elf:3    | Reached XP level 19. HP: 1/91 MP: 13/40
 74053 | Elf:3    | Noticed a Brimstone Fiend
 74198 | Elf:3    | Reached skill level 15 in Fighting
 74315 | Elf:3    | Identified the +6 whip of Starshine {heavy, *Corrode Fly
                  | Dex+7 Stlth+}
 74519 | Elf:3    | Identified the +6 chain mail of the Arcane {Str+2 Dex+5}
 74799 | Elf:3    | Got Jeummank's Codex of Ill-starred Breath
 74804 | Elf:3    | Got the Grimoire of Unstable Toxicants
 75250 | D:1      | Bought a ring of resist corrosion for 200 gold pieces
 75481 | Slime:1  | Entered Level 1 of the Pits of Slime
 75948 | Depths:1 | Entered Level 1 of the Depths
 76397 | Depths:1 | Reached skill level 1 in Evocations
 76555 | Depths:1 | Found a bloodstained altar of Trog.
 76829 | Depths:1 | Found an opulent altar of Gozag.
 76829 | Depths:1 | Found a gateway to Hell.
 76929 | Depths:1 | Found a one-way gate leading to the halls of Pandemonium.
 77051 | Depths:1 | Paralysed by a floating eye for 2 turns
 77498 | Depths:1 | Reached XP level 20. HP: 78/99 MP: 28/41
 78302 | Depths:2 | Noticed a caustic shrike
 78334 | Depths:2 | Killed a caustic shrike
 78335 | Depths:2 | Reached skill level 5 in Evocations
 78480 | Depths:2 | Noticed a golden dragon
 78497 | Depths:2 | Killed a golden dragon
 78733 | Depths:2 | Identified the ring of Isurpham {Fly rPois Str+2 Dex-4
                  | SInv}
 79569 | Depths:2 | Identified the +7 arbalest of Success {antimagic, Fragile
                  | Int+3 Dex+2}
 79574 | Depths:2 | Identified the ring "Buxitiat" {rPois Str+6}
 80385 | Depths:2 | Noticed a juggernaut
 80392 | Depths:2 | Identified the +11 rapier of Departure {speed, Fly rF+ rC+}
 80393 | Depths:2 | Killed a juggernaut
 82356 | Depths:2 | You fall into a shaft and drop 1 floor!
 82356 | Depths:3 | Noticed the Enchantress
 82472 | Depths:3 | Found a one-way gate to the infinite horrors of the Abyss.
 83076 | Depths:3 | Reached skill level 10 in Evocations
 83411 | Depths:2 | Killed the Enchantress
 83800 | Depths:2 | Reached XP level 21. HP: 75/106 MP: 16/42
 85451 | Depths:3 | Identified the +2 battleaxe "Citiv" {flame, rPois rCorr
                  | Str+4}
 86271 | Depths:3 | Found a runed translucent door.
 86297 | Depths:3 | Found a runed translucent door.
 86298 | Depths:3 | Found a runed translucent door.
 86299 | Depths:3 | Noticed a golden dragon
 86300 | Depths:3 | Noticed a juggernaut
 86911 | Depths:3 | Found a one-way gateway to a ziggurat.
 86963 | Depths:4 | Entered Level 4 of the Depths
 87158 | Depths:4 | Killed from afar by an ice dragon
 87159 | Depths:4 | Reached XP level 20. HP: -2/104 MP: 4/42
 87220 | Depths:4 | Noticed Boris
 87275 | Depths:4 | Killed Boris
 88084 | Depths:4 | Noticed Frederick
 88093 | Depths:4 | Killed Frederick
 88558 | Depths:4 | Noticed a golden dragon
 88570 | Depths:4 | Killed a golden dragon
 88981 | Depths:4 | Identified the staff "Eviscerator" {Drain rC+ MP+9 Stlth+
                  | Ice}
 88981 | Depths:4 | Identified the ring of Suts {Ice +Blink rElec rN++ Will-}
 88981 | Depths:4 | Noticed Josephina
 88996 | Depths:4 | Killed Josephina
 89750 | Depths:4 | Found a gate to the Realm of Zot.
 89764 | Depths:4 | Reached skill level 20 in Summonings
 90966 | Slime:4  | Reached XP level 21. HP: 110/110 MP: 17/43
 91343 | Slime:5  | Entered Level 5 of the Pits of Slime
 91822 | Slime:5  | Lost mutation: Your muscles are strong. (Str +4, Int/Dex
                  | -1) [a shining eye]
 92045 | Slime:5  | Paralysed by a floating eye for 2 turns
 92136 | Slime:5  | Noticed the Royal Jelly
 92152 | Slime:5  | Killed the Royal Jelly
 93071 | Slime:5  | Got a slimy rune of Zot
 93240 | Slime:5  | Identified the +7 flail of Instant Death {freeze, Int+3}
 94668 | Zot:1    | Entered Level 1 of the Realm of Zot
 95887 | Zot:2    | Noticed a golden dragon
 97382 | Zot:2    | Reached skill level 21 in Summonings
 97546 | Zot:2    | Noticed a golden dragon
 97555 | Zot:2    | Killed a golden dragon
 98306 | Zot:2    | Killed a golden dragon
 99840 | Zot:2    | Learned a level 9 spell: Dragon's Call
100067 | Zot:4    | Noticed a Killer Klown
100067 | Zot:4    | Noticed a dread lich
100105 | Zot:4    | Noticed a Killer Klown
100502 | Zot:3    | Noticed a golden dragon
100510 | Zot:3    | Killed a golden dragon
100515 | Zot:3    | Reached XP level 22. HP: 94/114 MP: 1/46
100775 | Zot:3    | Reached skill level 22 in Summonings
101694 | Zot:3    | Found Ginur's CLEARANCE SALE!.
101702 | Zot:3    | Bought a potion of heal wounds for 20 gold pieces
101806 | Zot:4    | Killed a Killer Klown
101810 | Zot:4    | Killed a dread lich
102066 | Zot:4    | Killed a Killer Klown
102297 | Zot:4    | Noticed a golden dragon
102318 | Zot:5    | Entered Level 5 of the Realm of Zot
102333 | Zot:5    | Noticed a Killer Klown
102531 | Zot:5    | Noticed a Killer Klown
102535 | Zot:5    | Noticed a Killer Klown
102548 | Zot:5    | Noticed a dread lich
102549 | Zot:5    | Noticed an orb of fire
102550 | Zot:5    | Noticed an orb of fire
102564 | Zot:5    | Got the Orb of Zot
102569 | Zot:5    | Noticed an orb of fire
102588 | Zot:5    | Killed an orb of fire
102752 | Zot:1    | Noticed Boris
102768 | Zot:1    | Reached skill level 23 in Summonings
102933 | D:15     | Noticed Tuesmur the pandemonium lord
103000 | D:13     | Noticed a seraph
103299 | D:$      | Escaped with the Orb!

Illustrated notes

Levels and vault maps discovered:
D:1:      amcnicky_arrival_blooded_trapdoor, layout_basic, serial_forest,
          infiniplex_forest_end_3, infiniplex_forest_fountain,
          infiniplex_forest_clump_tiny, infiniplex_forest_lined_2,
          infiniplex_forest_clump_curved, infiniplex_forest_end_1,
          infiniplex_forest_lined_ring, infiniplex_forest_clump_tiny,
          serial_shops, nicolae_shop_drivethru
D:2:      layout_basic, uniq_crazy_yiuf_cottage, uniq_robin, uniq_terence
D:3:      layout_loops_ring
D:4:      kennysheep_big_flooded_room, layout_basic,
          nicolae_sif_muna_condensation, mainiacjoe_overflow_alcove_1,
          grunt_ashenzari_visionary [grunt_ashenzari_visionary_shoals,
          grunt_ashenzari_visionary_snake],
          hellmonk_okawaru_the_only_friend_you_need
D:5:      dreamdust_elfheim, layout_basic, nicolae_kikubaaqudgha_miasma_corner,
          nicolae_overflow_squiral, nicolae_tso_carved_into_rock
D:6:      layout_loops_cross
D:7:      layout_loops_cross, makhleb_grotto_becter,
          minmay_temple_entry_sparse_star, hangedman_decor_opposing,
          kennysheep_nub, chequers_serial_rivers_room_b, nicolae_the_louvre
D:8:      layout_loops_ring, hellmonk_lair_entry_icy, uniq_joseph
D:9:      layout_grid_maze, lemuel_tele_altar, lemuel_crystal_altar,
          amcnicky_mini_pool_small, nicolae_diode_stairs
D:10:     layout_long_grid, david_orc_4, small_statue_alley_a,
          nicolae_take_the_stairs, uniq_nergalle
D:11:     layout_irregular_city, serial_glass, glass_columns_c, glass_columns_a,
          nzn_hepliaklqana_mist_gate
D:12:     layout_small_grid, portal_ice_cave_entry_ice_simulacra,
          gammafunk_ghost_icy
D:13:     layout_loops_cross, hangedman_vaults_entry_quadrant_bands,
          serial_shops, shop, uniq_azrael, uniq_urug
D:14:     layout_roguey, minmay_hedge_maze
D:15:     gammafunk_depths_entry_grave, layout_cross, chequers_jeans
Temple:   nicolae_temple_ecumenical_triangle
Lair:1:   layout_hall_layers, nicolae_quartered_pool_medium,
          beast_lair_carwin_6, grunt_megastairs_2, uniq_grum
Lair:2:   layout_hall_layers, gammafunk_ghost_berserking_beasts
Lair:3:   layout_long_grid, minmay_shoals_entry_centaurs,
          nicolae_snake_entry_warm_welcome, beast_lair_carwin_11
Lair:4:   layout_misc_corridors, slime_entry_1, enter_volcano_3,
          gauntlet_entry_generic, lookout_lair_type, infiniplex_staircase_pool_2
Lair:5:   gammafunk_lair_ancient_temple, layout_cave_pods, serial_bayou,
          serial_bayou_pond_d, serial_bayou_shore_b, serial_bayou_shore_a,
          serial_bayou_pond_e
Shoals:1: cheibrodos_shoals_oceanic_diplomacy, layout_shoals, serial_shops,
          nicolae_shop_bloodbath_and_beyond, uniq_kirke
Shoals:2: layout_shoals, nicolae_shoals_dead_sea_scrolls, uniq_ilsuiw
Shoals:3: layout_shoals, nicolae_shoals_so_close
Shoals:4: shoals_end_hellmonk_storm_palace [storm_palace_center_square,
          storm_palace_corner_narrow, storm_palace_corner_altar,
          storm_palace_corner_altar, storm_palace_corner_altar]
Snake:1:  layout_basic, grunt_megastairs_5, serial_bayou_shore_b,
          minmay_shop_grove
Snake:2:  layout_chambers, serial_shops, shop, serial_bayou_lake_a,
          minmay_shoptagon
Snake:3:  layout_cave_town, nicolae_snake_snakewalk, uniq_aizul
Snake:4:  grunt_snake_rune_serpentine_throne, layout_grid_shapes,
          gammafunk_ghost_wrathful_warriors
Slime:1:  layout_caves, nicolae_slime_getting_an_eyeful
Slime:2:  layout_caves
Slime:3:  layout_caves
Slime:4:  layout_caves
Slime:5:  slime_pit_nicolae_amoeboid
Orc:1:    layout_diamond_mine
Orc:2:    pubby_orc_utopia, serial_shops
Elf:1:    layout_loops_cross, hangedman_elf_disciples, st_stairs_7,
          lemuel_upstairs_altar
Elf:2:    nicolae_elf_blades_splatter_lattice [nicolae_blade_entry_pointy_end],
          layout_geoelf_grid, david_defended_altar_elf, grunt_megastairs_3
Elf:3:    elf_hall, layout_geoelf_grid, nicolae_twisting_strands, minivault_16,
          st_stairs_6, nicolae_elf_theology_debate, uniq_asterion, uniq_mara
Vaults:1: portal_desolation_entry_garden, nicolae_vaults_wine_cellar,
          nicolae_vaults_what_the_h, nicolae_vaults_turnstiles,
          vaults_room_pools, layout_vaults_omnigrid
Vaults:2: nicolae_vaults_know_your_exits, hangedman_vaults_cutoff, v_misc_9,
          ontoclasm_vaults_ring_small, ontoclasm_vaults_gateway,
          ontoclasm_vaults_claustrophobia, nicolae_vaults_trapezoid_3,
          nicolae_vaults_taking_the_gang_shopping, ontoclasm_vaults_idyll,
          vaults_room_semicircle, vaults_dpeg_emergency_exit,
          layout_vaults_omnicross
Vaults:3: dpeg_vaults_hating_casters, grunt_vaults_funnel,
          hangedman_vaults_river_flow, v_misc_27, v_pattern_1,
          nicolae_vaults_apartment_1, nicolae_vaults_tetromino_L_1,
          vaults_mumra_chevron, nicolae_vaults_apartment_2, layout_vaults_ring
Vaults:4: hangedman_vaults_stream, ontoclasm_vaults_pinch,
          vaults_room_door_ring, nicolae_vaults_antechamber_and_loot_room,
          nicolae_vaults_variable_pillar_hall, nicolae_vaults_heist, v_misc_8,
          nicolae_vaults_little_squares_3, hangedman_vaults_capsules,
          nicolae_vaults_yaktaur_gun_rack, ontoclasm_vaults_chip,
          layout_vaults_big_room
Depths:1: layout_long_grid, rand_demon_pan_entry_5, hell_entry,
          nicolae_gozag_cash_rules_everything_around_me, bloody_trog,
          grunt_megastairs_1
Depths:2: box_level_dp, pan_entry, hell_entry
Depths:3: minmay_the_grid_triangle_9x9_line_8_mashed
          [minmay_the_grid_triangle_9x9_checkered,
          minmay_the_grid_triangle_9x9_from_above,
          minmay_the_grid_triangle_9x9_skeleton,
          minmay_the_grid_triangle_9x9_alien,
          minmay_the_grid_triangle_9x9_fully_insulated_deathbox,
          minmay_the_grid_triangle_9x9_corrupted_corridor,
          minmay_the_grid_triangle_9x9_windchime,
          minmay_the_grid_triangle_9x9_prize_insulated], layout_cave_shapes,
          enter_ziggurat_b, hangedman_coc_ice_floe, abyss_entry, serial_glass,
          glass_columns_c, glass_columns_b, feat_on_display, feat_on_display,
          minmay_strange_pillars, due_unseen_surprise,
          kennysheep_generic_room_14, uniq_enchantress
Depths:4: grunt_zot_entry_bicorn, layout_honeycomb, hell_entry,
          rand_demon_pan_entry_7, bh_walls_and_bars, abyss_entry,
          uniq_frederick, uniq_josephina, uniq_boris
Zot:1:    lemuel_firehouse, layout_onion
Zot:2:    lemuel_draconian_sentries_small, layout_cathedral_of_symmetry
Zot:3:    layout_onion_interference, nicolae_shop_clearance
Zot:4:    ebering_klown_carousel, layout_cathedral_of_symmetry
Zot:5:    layout_basic

Skill      XL: |  1  2  3  4  5  6  7  8  9 10 11 12 13 14 15 16 17 18 19 20 21 22 |
---------------+-------------------------------------------------------------------+-----
Spellcasting   | 3 4 5 6 7 8 9 10 13 14 15 16 19 | 19.4
Summonings     | 5 6 7 8 9 10 11 13 16 19 20 21 23 | 23.1
Hexes          | 1 3 6 7 |  7.3
Air Magic      | 3 6 7 8 9 11 12 | 12.5
Dodging        | 5 8 10 12 13 14 15 16 19 20 | 20.5
Fighting       | 3 5 7 9 10 11 12 16 20 19 | 20.3
Earth Magic    | 3 5 |  5.0
Conjurations   | 3 5 |  5.0
Translocations | 3 6 8 11 | 11.3
Transmutations | 4 7 10 12 | 12.4
Unarmed Combat | 3 6 7 9 |  9.7
Necromancy     | 4 6 |  6.9
Evocations     | 4 10 | 10.3
Stealth        | |  2.6

Action                     |  1- 3 |  4- 6 |  7- 9 | 10-12 | 13-15 | 16-18 | 19-21 | 22-24 || total
---------------------------+-------+-------+-------+-------+-------+-------+-------+-------++-------
  Melee: Unarmed           |    10 |     5 |     7 |    23 |    23 |   647 |   526 |    33 ||  1274
         Bite              |       |       |       |     5 |     4 |     4 |     1 |       ||    14
         Punch             |       |       |       |     1 |     1 |    28 |    45 |     3 ||    78
   Cast: Summon Small Mamm |    45 |    19 |    45 |    41 |    14 |       |       |       ||   164
         Call Imp          |    10 |    19 |    35 |    58 |    48 |       |       |       ||   170
         Call Canine Famil |     4 |    19 |    34 |    66 |    69 |     3 |       |       ||   195
         Summon Guardian G |       |     3 |    26 |    60 |    49 |     3 |       |       ||   141
         Summon Lightning  |       |       |    14 |    54 |    42 |     1 |       |       ||   111
         Stone Arrow       |       |       |       |    23 |    67 |     2 |       |       ||    92
         Summon Cactus Gia |       |       |       |       |   197 |    66 |    42 |       ||   305
         Summon Forest     |       |       |       |       |    73 |   104 |   107 |     3 ||   287
         Summon Horrible T |       |       |       |       |    31 |   138 |   144 |    13 ||   326
         Manifold Assault  |       |       |       |       |       |   175 |   101 |     7 ||   283
         Storm Form        |       |       |       |       |       |   146 |   225 |    20 ||   391
         Malign Gateway    |       |       |       |       |       |     9 |    30 |     1 ||    40
         Haunt             |       |       |       |       |       |       |   218 |     9 ||   227
         Blink             |       |       |       |       |       |       |     3 |       ||     3
         Dragon's Call     |       |       |       |       |       |       |     1 |     5 ||     6
 Invoke: Call Merchant     |       |       |       |     1 |     4 |       |       |       ||     5
         Potion Petition   |       |       |       |       |       |       |     9 |     3 ||    12
         Bribe Branch      |       |       |       |       |       |       |       |     4 ||     4
Ability: Blinkbolt         |       |       |       |       |       |     1 |     1 |       ||     2
  Evoke: Wand              |       |       |       |     6 |    10 |       |     6 |       ||    22
         Box of beasts     |       |       |       |       |       |       |     2 |       ||     2
    Use: Scroll            |     3 |     6 |       |     8 |    17 |     7 |    15 |     4 ||    60
         Potion            |       |       |       |       |     4 |     6 |    12 |     5 ||    27
   Stab: Betrayed ally     |       |       |     1 |       |       |       |     1 |       ||     2
         Distracted        |       |       |       |     1 |       |     3 |    14 |     3 ||    21
         Paralysed         |       |       |       |       |     4 |       |       |       ||     4
         Sleeping          |       |       |       |       |       |     1 |       |       ||     1
 Armour: Skin              |     5 |     1 |     4 |    14 |    15 |    76 |    60 |    14 ||   189
  Dodge: Dodged            |    34 |    17 |    22 |   141 |   267 |   881 |   900 |   128 ||  2390

Table legend: (Time is in decaauts)
 A = Elapsed time spent in this place.
 B = Non-inter-level travel time spent in this place.
 C = Inter-level travel time spent in this place.
 D = Time resting spent in this place.
 E = Time spent auto-exploring this place.
 F = Levels seen in this place.
 G = Mean time per level.
                   A        B        C        D        E       F      G
               +--------+--------+--------+--------+--------+-----+--------+
         Total |  96377 |  90393 |   5984 |  11764 |  62160 |  52 | 1853.4 |
       Dungeon |  20311 |  17921 |   2390 |   1691 |  12876 |  15 | 1354.1 |
        Temple |     38 |     34 |      4 |      0 |     24 |   1 |   38.0 |
          Lair |  10246 |   9375 |    871 |    793 |   6677 |   5 | 2049.2 |
        Shoals |   9823 |   9591 |    232 |    797 |   7325 |   4 | 2455.8 |
     Snake Pit |  11106 |  10727 |    379 |    620 |   8389 |   4 | 2776.5 |
    Slime Pits |   3705 |   3640 |     65 |   1634 |   1148 |   5 |  741.0 |
  Orcish Mines |   5644 |   5240 |    404 |    410 |   3893 |   2 | 2822.0 |
   Elven Halls |   5687 |   5263 |    424 |    795 |   3437 |   3 | 1895.7 |
        Vaults |   8205 |   7843 |    362 |    679 |   5887 |   4 | 2051.2 |
        Depths |  14571 |  13881 |    690 |   2360 |   9301 |   4 | 3642.8 |
           Zot |   7036 |   6879 |    157 |   1981 |   3199 |   5 | 1407.2 |
               +--------+--------+--------+--------+--------+-----+--------+

Top non-repeatable levels by time:
Depths:2: 5926 daAuts
   Orc:2: 4565 daAuts
 Snake:4: 3893 daAuts
Depths:4: 3593 daAuts
Shoals:1: 3359 daAuts
Depths:3: 2981 daAuts
 Snake:3: 2980 daAuts
   Elf:3: 2681 daAuts
   Zot:2: 2564 daAuts
Shoals:4: 2550 daAuts
Vaults:2: 2465 daAuts
  Lair:3: 2459 daAuts
 Slime:5: 2414 daAuts
 Snake:1: 2326 daAuts
Vaults:1: 2289 daAuts
